 Dungeon Crawl Stone Soup version 0.22-a0-392-g5dc3fd9 (webtiles) character file.

51 Mgcat the Skirmisher (level 3, -1/24 HPs)
             Began as a Gargoyle Monk on May 1, 2018.
             Slain by Robin
             ... wielding a +0 spear
              (4 damage)
             ... on level 2 of the Dungeon.
             The game lasted 00:02:59 (1248 turns).

Mgcat the Skirmisher (Gargoyle Monk)                Turns: 1248, Time: 00:02:59

Health: -1/24      AC:  5    Str: 16    XL:     3   Next: 81%
Magic:  3/3        EV: 12    Int: 11    God:
Gold:   82         SH:  0    Dex: 12    Spells: 2/2 levels left

rFire    . . .     SeeInvis .   a - +0 mace
rCold    . . .     Gourm    .   (no shield)
rNeg     + . .     Faith    .   b - +0 robe
rPois    ∞         Spirit   .   (no helmet)
rElec    +         Reflect  .   (no cloak)
rCorr    .         Harm     .   (no gloves)
MR       .....                  (no boots)
Stlth    ++........             (no amulet)
HPRegen  0.08/turn              h - +2 ring of strength
MPRegen  0.08/turn              (no ring)

@: very slightly contaminated
A: negative energy resistance 1, electricity resistance, unbreathing,
petrification resistance, rot immunity, AC +3
a: no special abilities


You were on level 2 of the Dungeon.
You were not hungry.

You visited 1 branch of the dungeon, and saw 2 of its levels.

You collected 82 gold pieces.

Inventory:

Hand Weapons
 a - a +0 mace (weapon)
Armour
 b - a +0 robe (worn)
Jewellery
 h - a +2 ring of strength (left hand)
   (You found it on level 1 of the Dungeon)
Scrolls
 d - a scroll of noise {unknown}
 e - a scroll of enchant weapon {unknown}
 g - 4 scrolls of teleportation {unknown}
 j - 2 scrolls of remove curse {unknown}
 l - a scroll of blinking {unknown}
Comestibles
 c - 5 rations
 i - a chunk of flesh {@w0}


   Skills:
 + Level 4.3 Fighting
 + Level 3.9 Maces & Flails
 - Level 2.4 Dodging
 - Level 2.1 Stealth


You had 2 spell levels left.
You didn't know any spells.

Dungeon Overview and Level Annotations

Branches:
Dungeon (2/15)

Altars:

Annotations:
D:2 Robin


Innate Abilities, Weirdness & Mutations

You are resistant to torment.
Your stone body is resilient. (AC +3)
You are immune to poison.
You resist negative energy. (rN+)
You are resistant to electric shocks. (rElec)
You can survive without breathing.
You are immune to petrification.
You are immune to rotting.


Message History

The goblin closely misses you.
It was a potion of lignification.
You turn into a tree.
Your +0 robe melds into your body.
Your roots penetrate the ground.
The goblin no longer looks unusually strong.
Robin roars a battlecry!
The goblins go into a battle-frenzy!
The goblin hits you.
* * * LOW HITPOINT WARNING * * *
The goblin hits you but does no damage.
You barely miss the goblin. Robin hits you but does no damage.
The goblin hits you but does no damage. x2
You hit the goblin.
The goblin is moderately wounded.
The goblin barely misses you.
The goblin hits you but does no damage. x2
You sock the goblin!
You kill the goblin!
The goblin no longer looks unusually strong.
Robin roars a battlecry!
The goblin goes into a battle-frenzy!
The goblin hits you but does no damage.
You hit the hobgoblin.
The hobgoblin is severely wounded.
The hobgoblin hits you but does no damage.
Robin hits you from afar with a spear.
* * * LOW HITPOINT WARNING * * *
The goblin hits you but does no damage.
You sock the hobgoblin!
You kill the hobgoblin!
Robin hits you but does no damage. The goblin hits you but does no damage.
You hit the goblin.
You kill the goblin!
Robin hits you but does no damage. x2
You cannot move.
It was a potion of invisibility.
You fade into invisibility!
Robin barely misses you.
You are very lightly contaminated with residual magic.
You cannot move.
You cannot move.
Robin hits you but does no damage. Robin hits you but does no damage.
Robin hits you but does no damage.
Unknown command.
Robin's bangles clink loudly.
Robin hits you but does no damage. Robin hits you but does no damage.
Robin hits you but does no damage. Robin hits you but does no damage.
Robin hits you but does no damage. Robin barely misses you.
Robin barely misses you. Robin completely misses you.
Robin's bangles clink loudly.
Robin hits you but does no damage. Robin hits you but does no damage.
Robin hits you but does no damage. Robin hits you but does no damage.
Robin hits you from afar with a spear.
* * * LOW HITPOINT WARNING * * *
Robin hits you but does no damage. Robin hits you but does no damage.
Robin hits you from afar with a spear.
* * * LOW HITPOINT WARNING * * *
Robin hits you but does no damage.
Your transformation is almost over.
Robin barely misses you.
Robin says, "My goblins will feast on your bones."
Robin hits you but does no damage. Robin hits you but does no damage.
Robin hits you but does no damage. Robin hits you but does no damage.
You flicker for a moment.
Robin hits you but does no damage. Robin hits you but does no damage.
Robin barely misses you. Robin hits you but does no damage.
You feel less wooden.
Your +0 robe unmelds from your body.
Robin closely misses you.
You flicker back into view.
Robin hits you but does no damage.
Items here: $ ( ))))) ††††† You barely miss Robin.
Robin hits you with a spear.
* * * LOW HITPOINT WARNING * * *
You hit Robin.
Robin is heavily wounded.
Robin hits you but does no damage.
You hit Robin but do no damage.
Robin is heavily wounded.
Robin hits you with a spear.
* * * LOW HITPOINT WARNING * * *
You hit Robin.
Robin is heavily wounded.
Robin misses you.
You barely miss Robin.
Robin is heavily wounded.
Robin closely misses you. x2
You hit Robin but do no damage.
Robin is heavily wounded.
Robin hits you with a spear.
You die...

#.# #.# ###. #.# #......
#####.# #.....#.
<....÷#######......
##.##.......#.....
#.##.###.........
#.##.###)#.##.g####.####
#.##.##........@(.......
#.##.##..#.##.)####..###
#.##......?.....)....#
#.##.###........g$...#
#.# #####.....###.#
#..(..# #.)........
#.......... #.....♣....#


You could see Robin.

Vanquished Creatures
  A leopard gecko (D:1)
  4 bats (D:1)
  2 giant cockroaches (D:1)
  16 goblins
  4 hobgoblins
  4 jackals (D:1)
  2 kobolds
  A quokka (D:2)
  A ball python (D:1)
  2 frilled lizards (D:1)
  5 rats (D:1)
42 creatures vanquished.

Notes
Turn   | Place    | Note
-------+----------+-------------------------------------------
     0 | D:1      | Mgcat the Gargoyle Monk began the quest for the Orb.
     0 | D:1      | Reached XP level 1. HP: 14/14 MP: 1/1
   290 | D:1      | Reached XP level 2. HP: 15/19 MP: 2/2
   651 | D:1      | Reached XP level 3. HP: 22/24 MP: 3/3
   717 | D:1      | Reached skill level 4 in Fighting
  1171 | D:2      | Found a faded altar of an unknown god.
  1173 | D:2      | Noticed Robin
  1202 | D:2      | HP: 5/24 [goblin[Robin] (2)]
  1208 | D:2      | HP: 4/36 [Robin/spear (1)]
  1227 | D:2      | HP: 6/36 [Robin/spear (1)]
  1243 | D:2      | HP: 4/24 [Robin/spear (1)]
  1248 | D:2      | Slain by Robin

Vault maps used:
D:1:      dpeg_arrival_morbid_curiosity
D:2:      chequers_ecumenical_altar_simple_redux, first_ration,
          minmay_misc_feat_four_crosses, nemelex_xobeh_ov_fountains_minmay,
          uniq_jessica, uniq_robin

Skill      XL: |  1  2  3 |
---------------+----------+-----
Fighting       | 4 |  4.3
Maces & Flails | |  3.9
Dodging        | |  2.4
Stealth        | |  2.1

Action                   || total
-------------------------++-------
Melee: Mace              ||   121
  Use: Potion            ||     4
 Stab: Sleeping          ||     4
  Eat: Chunk             ||     1
Armor: Robe              ||    65
       Skin              ||    32
Dodge: Dodged            ||   110

Table legend:
 A = Spawn XP
 B = Non-spawn XP
 C = Spawn XP percentage of total XP
 D = Spawn monster count
 E = Non-spawn monster count
 F = Spawn count percentage of total count
 G = Total turns spent on level
                    A         B        C        D         E        F      G
               +---------+---------+-------+---------+---------+-------+---------
         Total |       0 |      73 |   0.0 |       0 |      42 |   0.0 |  1248
               +---------+---------+-------+---------+---------+-------+---------
           D:1 |       0 |      45 |   0.0 |       0 |      27 |   0.0 |  1139
           D:2 |       0 |      28 |   0.0 |       0 |      15 |   0.0 |   109
               +---------+---------+-------+---------+---------+-------+---------

Vault maps used:
D:1:      dpeg_arrival_morbid_curiosity
D:2:      chequers_ecumenical_altar_simple_redux, first_ration,
          minmay_misc_feat_four_crosses, nemelex_xobeh_ov_fountains_minmay,
          uniq_jessica, uniq_robin

Table legend:
 A = Turns spent in this place as a percentage of turns spent in the entire game.
 B = Non-inter-level travel turns spent in this place as a percentage of non-inter-level travel turns spent in the entire game.
 C = Inter-level travel turns spent in this place as a percentage of turns spent in this place.
 D = Turns resting spent in this place as a percentage of non-inter-level travel turns spent in this place.
 E = Turns spent auto-exploring this place as a percentage of non-inter-level travel turns spent in this place.
 F = Non-inter-level travel turns spent in this place divided by the number of levels of this place that you've seen.
                   A       B       C       D       E      F
               +-------+-------+-------+-------+-------+----------------------
         Total | 100.0 | 100.0 |   3.2 |   0.0 |  77.4 | 604.0
       Dungeon | 100.0 | 100.0 |   3.2 |   0.0 |  77.4 | 604.0
               +-------+-------+-------+-------+-------+----------------------

Table legend:
 A = Kills in this place as a percentage of kills in entire the game.
 B = Kills by you in this place as a percentage of kills by you in the entire game.
 C = Kills by friends in this place as a percentage of kills by friends in the entire game.
 D = Other kills in this place as a percentage of other kills in the entire game.
 E = Experience gained in this place as a percentage of experience gained in the entire game.
 F = Experience gained in this place divided by the number of levels of this place that you have seen.
                   A       B       C       D       E      F
               +-------+-------+-------+-------+-------+----------------------
         Total | 100.0 | 100.0 |   N/A |   N/A | 100.0 |  36.5
       Dungeon | 100.0 | 100.0 |   N/A |   N/A | 100.0 |  36.5
               +-------+-------+-------+-------+-------+----------------------
